 Dungeon Crawl Stone Soup version 0.29.1-15-g9cfb28693d (webtiles) character file.

Game seed: 10058692782715769839

210 GigaChad the Chopper (level 5, -3/47 HPs)
             Began as a Minotaur Fighter on Mar 14, 2023.
             Slain by a goblin
             ... wielding a +0 club
             ... led by Robin
              (4 damage)
             ... on level 4 of the Dungeon.
             The game lasted 00:03:51 (2973 turns).

GigaChad the Chopper (Minotaur Fighter)             Turns: 2973, Time: 00:03:52

Health: -3/47      AC:  0    Str: 23    XL:     5   Next: 56%
Magic:  4/4        EV: 13    Int:  5    God:
Gold:   161        SH:  0    Dex:  9    Spells: 4/4 levels left

rFire   . . .      SeeInvis .   (weapon currently unavailable)
rCold   . . .      Faith    .   (shield currently unavailable)
rNeg    . . .      Spirit   .   (body armour currently unavailable)
rPois   .          Reflect  .   (helmet currently unavailable)
rElec   .          Harm     .   (cloak currently unavailable)
rCorr   .          Rampage  .   (gloves currently unavailable)
Will    .....                   (boots currently unavailable)
Stlth   +.........              (no amulet)
HPRegen 0.15/turn               (ring currently unavailable)
MPRegen 0.09/turn               (ring currently unavailable)

@: pig-form (expiring), very quick
A: fast, no casting, small, (horns 2), (retaliatory headbutt)
a: no special abilities


You were on level 4 of the Dungeon.
You were a filthy swine.
You visited 1 branch of the dungeon, and saw 4 of its levels.

You collected 161 gold pieces.

Inventory:

Hand Weapons
 a - a +0 war axe (melded)
Armour
 b - a +0 scale mail (melded)
 c - a +0 buckler (melded)
 p - a +1 cloak (melded)
Jewellery
 e - a ring of positive energy
 i - a ring of magical power
Scrolls
 h - a scroll of vulnerability
 j - 2 scrolls of fear
 n - a scroll of magic mapping {unknown}
Potions
 d - a potion of might
 f - a potion of ambrosia {unknown}
 g - a potion of heal wounds {unknown}
 k - a potion of brilliance {unknown}
 l - 2 potions of curing {unknown}
 m - a potion of cancellation {unknown}
 o - a potion of degeneration {unknown}


   Skills:
 + Level 4.4 Fighting
 + Level 5.1 Axes
 + Level 4.4 Armour
 + Level 0.6 Dodging
 + Level 0.3 Stealth
 + Level 4.5 Shields


You had 4 spell levels left.
You didn't know any spells.
Your spell library contained the following spells:

 Spells                   Type           Power      Damage    Failure   Level
 Sandblast                Erth           0%         2d4       47%         1
 Passwall                 Tmut/Erth      0%         N/A       63%         2
 Stone Arrow              Conj/Erth      0%         3d7       85%         3


Dungeon Overview and Level Annotations

Branches:
Dungeon (4/15)
 Temple: D:4-7

Altars:
Wu Jian

Annotations:
D:4 Robin


Innate Abilities, Weirdness & Mutations

You are a filthy swine.
You move quickly.
Your equipment is almost entirely melded.
You are incapable of wielding weapons or throwing items.
You cannot cast spells.
((You have a pair of horns on your head.))
((You reflexively headbutt those who attack you in melee.))


Message History

Robin barely misses you. The goblin barely misses you.
You hit Robin but do no damage.
Robin is moderately wounded.
Robin closely misses you.
You hit Robin but do no damage.
Robin is moderately wounded.
The goblin closely misses you.
Robin hits you with a +0 dagger of speed.
* * * LOW HITPOINT WARNING * * *
Robin barely misses you.
You hit Robin.
Robin is heavily wounded.
Your transformation is almost over.
The goblin misses you. Robin completely misses you.
You barely miss Robin.
Robin is heavily wounded.
The goblin completely misses you. Robin barely misses you.
You hit Robin but do no damage.
Robin is heavily wounded.
Robin barely misses you. The goblin hits you with a +0 club.
* * * LOW HITPOINT WARNING * * *
Robin barely misses you.
You hit Robin but do no damage.
Robin is heavily wounded.
The goblin no longer looks unusually strong.
The goblin hits you with a +0 club.
* * * LOW HITPOINT WARNING * * *
Robin completely misses you.
You closely miss Robin.
Robin is heavily wounded.
Robin misses you. The goblin hits you with a +0 club.
* * * LOW HITPOINT WARNING * * *
Robin hits you with a +0 dagger of speed.
* * * LOW HITPOINT WARNING * * *
Unknown command.
Unknown command.
You hit Robin.
Robin is heavily wounded.
The goblin hits you with a +0 club.
You die...

#####.........#
..............#
#..).......#
#...<..)...##
######.............
........#######.##..#
#######.# .##..#
#.#######.....#
#.....))hg#
##.####g)...# #.#
#.###...# #.# #.# .##
#.# #.. # #.# ### ...
#.#


You could see Robin and a goblin.

Vanquished Creatures
  A jelly (D:3)
  6 gnolls
  2 adders
  An ufetubus (D:3)
  A worm (D:2)
  A dart slug (D:1)
  2 orcs (D:4)
  2 ball pythons
  9 endoplasms
  4 giant cockroaches
  14 goblins
  12 hobgoblins
  5 jackals
  5 quokkas (D:2)
  4 bats
  11 frilled lizards
  10 kobolds
  4 rats
94 creatures vanquished.

Vanquished Creatures (others)
  2 plants (D:3)
2 creatures vanquished.

Grand Total: 96 creatures vanquished

Notes
Turn   | Place    | Note
-------+----------+-------------------------------------------
     0 | D:1      | GigaChad the Minotaur Fighter began the quest for the Orb.
     0 | D:1      | Reached XP level 1. HP: 19/19 MP: 0/0
    67 | D:1      | HP: 1/20 [goblin/+0 dagger (1)]
   105 | D:1      | Reached XP level 2. HP: 5/27 MP: 1/1
   601 | D:1      | Reached XP level 3. HP: 31/33 MP: 2/2
   640 | D:1      | Reached skill level 3 in Axes
   949 | D:2      | Reached XP level 4. HP: 20/40 MP: 3/3
  1847 | D:3      | Reached skill level 4 in Axes
  1851 | D:3      | Reached XP level 5. HP: 37/47 MP: 4/4
  2490 | D:3      | Found an ornate altar of the Wu Jian Council.
  2600 | D:3      | Reached skill level 5 in Axes
  2952 | D:4      | Noticed Robin
  2972 | D:4      | HP: 1/47 [Robin/+0 dagger of speed (4)]
  2973 | D:4      | Slain by a goblin

Illustrated notes

Levels and vault maps discovered:
D:1:      dpeg_arrival_castle, layout_rooms
D:2:      layout_rooms, minmay_3d_cube
D:3:      cheibrodos_helix_gallery, layout_basic, nzn_wu_jian_council_hall,
          minmay_lizard_king
D:4:      layout_loops_ring, slow_altar_1, minmay_snake_closets, uniq_robin

Skill      XL: |  1  2  3  4  5 |
---------------+----------------+-----
Fighting       | 4 |  4.4
Shields        | 4 |  4.5
Armour         | 4 |  4.4
Axes           | 3 4 5 |  5.1
Dodging        | |  0.6
Stealth        | |  0.3

Action                   |  1- 3 |  4- 6 || total
-------------------------+-------+-------++-------
Melee: War axe           |    81 |   111 ||   192
       Headbutt          |     4 |    12 ||    16
       Unarmed           |       |    16 ||    16
  Use: Scroll            |       |     6 ||     6
Armor: Scale mail        |    44 |    66 ||   110
Dodge: Dodged            |    37 |    70 ||   107
Block: Buckler           |    19 |    21 ||    40
